 Dungeon Crawl Stone Soup version 0.28.0-47-ge53b351184 (webtiles) character file.

Game seed: 2099371567225636246

65 pkoi the Chiller (level 3, -4/26 HPs)
             Began as a Demigod Ice Elementalist on May 5, 2022.
             Killed by nerve-wracking pain
             ... invoked by Grinder
              (9 damage)
             ... while paralysed by Grinder
             ... on level 3 of the Dungeon.
             The game lasted 00:03:26 (3081 turns).

pkoi the Chiller (Demigod Ice Elementalist)         Turns: 3081, Time: 00:03:26

Health: -4/26      AC:  3    Str:  9    XL:     3   Next: 67%
Magic:  8/8        EV:  2    Int: 21    God:
Gold:   156        SH:  0    Dex: 12    Spells: 1/5 levels left

rFire   . . .      SeeInvis +   b - +0 club
rCold   + . .      Faith    .   (no shield)
rNeg    . . .      Spirit   .   a - +1 robe
rPois   .          Reflect  .   (no helmet)
rElec   .          Harm     .   (no cloak)
rCorr   .          Rampage  .   (no gloves)
Will    .....                   (no boots)
Stlth   ++........              (no amulet)
HPRegen 0.08/turn               j - ring of ice
MPRegen 0.11/turn               c - ring of see invisible

@: paralysed
A: high MP 1, forlorn, divine attributes, clumsy 1, fire resistance 1
a: no special abilities


You were on level 3 of the Dungeon.
You visited 1 branch of the dungeon, and saw 3 of its levels.

You collected 156 gold pieces.

Inventory:

Hand Weapons
 b - a +0 club (weapon)
 l - a +0 dagger
 m - a +0 whip
Missiles
 i - 23 arrows
Armour
 a - a +1 robe (worn)
 p - a +0 kite shield
Jewellery
 c - a ring of see invisible (right hand)
 j - a ring of ice (left hand)
 k - a +4 ring of evasion
 n - a ring of wizardry
Scrolls
 e - 2 scrolls of identify
Potions
 d - a potion of resistance {unknown}
 f - 3 potions of curing
 g - a potion of mutation
 h - 3 potions of flight


   Skills:
 - Level 1.7 Dodging
 - Level 1.7 Stealth
 + Level 1.9 Spellcasting
 * Level 5.0 Ice Magic


You had one spell level left.
You knew the following spells:

 Your Spells              Type           Power      Damage    Failure   Level
a - Freeze                Ice            100%       1d11      1%          1
b - Frozen Ramparts       Ice            68%        1d8       5%          3

Your spell library contained the following spells:

 Spells                   Type           Power      Damage    Failure   Level
 Ozocubu's Armour         Ice            34%        N/A       5%          3
 Hailstorm                Conj/Ice       18%        3d6       45%         4


Dungeon Overview and Level Annotations

Branches:
Dungeon (3/15)

Shops:
D:1 =

Annotations:
D:2 Sigmund
D:3 Grinder


Innate Abilities, Weirdness & Mutations

You have an increased reservoir of magic. (+10% MP)
You shall have no god before yourself.
Your divine heritage dramatically boosts your attributes as you level up.
You are clumsy. (Dex -2)
Your flesh is heat resistant. (rF+)


Message History

i - 23 arrows (gained 9) Search for what [Enter for "arrow", or ? for help]? bow Can't find anything matching that.
(D) Dungeon
Where to? (Enter - D:1 @ (x,y), ? - help)
There is an open door here.
There is a stone staircase leading down here.
You climb downwards.
Level annotation: Sigmund
There is a stone staircase leading up here.
(D) Dungeon
Where to? (Enter - D:2, ? - help)
There is an open door here.
There is a stone staircase leading down here.
You climb downwards.
There is a stone staircase leading up here.
An orc comes into view. It is wielding a +0 flail.
The orc shouts!
You hear a shout!
An orc is nearby!
An orc is nearby!
Grinder comes into view.
A giant cockroach comes into view.
The orc barely misses you.
You hit the orc.
The orc is moderately wounded.
The orc hits you with a +0 flail. Grinder gestures at you.
You suddenly lose the ability to move!
The orc hits you with a +0 flail. The orc barely misses you.
The orc hits you with a +0 flail.
* * * LOW HITPOINT WARNING * * *
Grinder blinks!
The orc hits you with a +0 flail!
* * * LOW HITPOINT WARNING * * *
The orc hits you with a +0 flail.
* * * LOW HITPOINT WARNING * * *
Grinder gestures at you. Pain shoots through your body!
You die...

........### ......#...#
.. #...<#.######.# .#
#.#.......##J.# ..# # #
#.##.##.##..###.# #.
#.##.##.##...... #..
#5##.##.##.##.#
...#..#......÷((....####
.....Bo@...............#
......####.#####....##.
..... #.# #†#.#.# ....
... ... # . ... ###.#
#.#.. ## .# #> .## .# ##
.# .. .#


You could see Grinder, an orc and a giant cockroach.

Vanquished Creatures
  A hound (D:2)
  2 worms (D:2)
  2 ball pythons
  3 bats
  3 endoplasms
  2 giant cockroaches (D:2)
  A hobgoblin (D:2)
  4 jackals (D:3)
  A kobold (D:2)
  2 quokkas (D:2)
  4 goblins
  3 rats
28 creatures vanquished.

Notes
Turn   | Place    | Note
-------+----------+-------------------------------------------
     0 | D:1      | pkoi the Demigod Ice Elementalist began the quest for the
                  | Orb.
     0 | D:1      | Reached XP level 1. HP: 14/14 MP: 5/5
   214 | D:1      | Found Nobbah's Jewellery Emporium.
   390 | D:1      | Reached skill level 4 in Ice Magic
  1084 | D:1      | Reached XP level 2. HP: 20/20 MP: 5/7
  1422 | D:2      | Gained mutation: You are clumsy. (Dex -2) [potion of
                  | mutation]
  1422 | D:2      | Gained mutation: Your flesh is heat resistant. (rF+)
                  | [potion of mutation]
  1500 | D:2      | Reached XP level 3. HP: 13/26 MP: 2/8
  1805 | D:2      | Noticed Sigmund
  2223 | D:2      | Learned a level 3 spell: Frozen Ramparts
  2817 | D:3      | Reached skill level 5 in Ice Magic
  3074 | D:3      | Noticed Grinder
  3076 | D:3      | Paralysed by Grinder for 7 turns
  3081 | D:3      | Killed from afar by Grinder

Illustrated notes

Levels and vault maps discovered:
D:1:      beargit_arrival_diablo_church, layout_loops_corners,
          hellmonk_ecumenical_altar_run_dry, serial_shops, shop,
          minmay_pentomino_o2
D:2:      layout_loops_corners, uniq_sigmund
D:3:      cheibrodos_pilgrimage, layout_loops_ring, uniq_grinder

Skill      XL: |  1  2  3 |
---------------+----------+-----
Ice Magic      | 4 5 |  5.0
Dodging        | |  1.7
Stealth        | |  1.7
Spellcasting   | |  1.9

Action                   || total
-------------------------++-------
Melee: Club              ||     7
       Unarmed           ||     1
 Cast: Freeze            ||    34
       Frozen Ramparts   ||     1
  Use: Scroll            ||     6
       Potion            ||     3
Armor: Robe              ||    11
Dodge: Dodged            ||    43
